Description

Simple PvT build to crush terrans up to Masters. The build doesnt requiere much multitasking or micro so it is super good for Diamond 3 Players to improve their macro skills. Become Master with it fast.

Make sure to watch the video and subscribe to his new channel on Youtube.

VOD

https://www.youtube.com/watch?v=cCKFpocr-Qo&t=788s

Build Order

Get SALT Encoding   

  14  0:19  Pylon  near mineral
  16  0:39  Gateway  
  16  0:42  Probe (Chrono Boost)  boost probe production
  16  0:45  Probe  scout for proxy rax - "A Move" for instant attack
  17  0:53  Assimilator  and keep making probes
  20  1:16  Probe  Rally 3 probes into gas as 16 are on minerals
  20  1:26  Cybernetics Core  short probe cut
  20  1:39  Nexus  
  20  1:48  Pylon  for the wall against hellions
  21  1:56  Assimilator  
  22  2:05  Adept (Chrono Boost)  defense against reaper, shade on reaper
  24  2:10  Warp Gate  
  25  2:22  Stalker (Chrono Boost)  positioning in reapers path on main base
  29  2:39  Robotics Facility  
  29  2:41  Probe x4 (Chrono Boost)  Chrono probes on both nexus, Chrono probes on both nexus, Chrono probes on both nexus, Chrono probes on both nexus
  33  3:05  Twilight Council  
  35  3:17  Shield Battery  at natural, close to mineral line
  38  3:28  Observer (Chrono Boost)  for scouting opponents base and army; not into mineral line
  39  3:38  Gateway x2  make a wall against hellions, make a wall against hellions
  40  3:43  Pylon  
  41  3:45  Observer  send to one drop edge and set to observer mode
  41  3:50  Charge  
  45  4:04  Stalker  put in with the other 2 units in mineral line
  48  4:29  Nexus  If you scout Cyclon, Hellion = Collossus OTHERWISE Zealot Archon
  48  4:34  Stalker x3  put in mineral line without observer (drop edge) - in case of drop, put in mineral line without observer (drop edge) - in case of drop, put in mineral line without observer (drop edge) - in case of drop
  56  4:46  Observer  send to other drop edge
  58  5:18  Gateway x7  total of 10 Gateways, total of 10 Gateways, total of 10 Gateways, total of 10 Gateways, total of 10 Gateways, total of 10 Gateways, total of 10 Gateways
  64  5:33  Sentry x2, Zealot  for guardian shield, for guardian shield
  71  5:46  Probe (Chrono Boost)  At all Bases, rally all to third
  72  5:53  Pylon x2, Zealot x4  from this point 2 Pylons at a time, from this point 2 Pylons at a time, start Army production, start Army production, start Army production, start Army production
  84  6:13  Pylon  set Pylons on path ways of the terran to see the ARMY early
  84  6:23  Templar Archives  
  84  6:27  Assimilator x2  at natural, at natural
  84  6:34  Pylon x2, Zealot x7  
  100  6:47  Probe  Check probe saturation, maybe transfer
  109  6:52  Zealot x4  
  109  6:55  Assimilator x2  fill asap, fill asap
  109  6:59  Forge x2  not in drop area, not in drop area
  110  7:04  Pylon x2  
  116  7:27  Immortal  
  116  7:22  High Templar x4  asap to archon, asap to archon, asap to archon, asap to archon
  124  7:23  Zealot x5  
  134  7:36  Pylon x2  
  134  7:43  Protoss Ground Weapons Level 1 (Chrono Boost)  
  134  7:44  Protoss Shields Level 1 (Chrono Boost)  
  134  7:49  Photon Cannon x3  one in each mineral line, one in each mineral line, one in each mineral line
  138  8:02  Immortal, High Templar x2  asap to archon, spend all Gas for Archon, Immortal and upgrades
  138  8:05  Nexus  
  142  8:16  High Templar x2  asap to archon, asap to archon
  146  8:18  Zealot x4  
  150  8:37  Unknown  Try to attack 3rd, IF Bio to strong go back and go colossus
  164  8:52  Unknown  at the same time Zealot attack on natural
  170  9:50  Blink  for emergency Stalkers => Liberators
  180  10:00  Unknown  transfer probes to 4rd
  180  10:06  Pylon x3  
  180  10:10  Protoss Ground Weapons Level 2  
  180  10:11  Protoss Shields Level 2  
Spawning Tool Build Advisor. Get it on Overwolf

Go to:

Details

  • Created by: Mor9oth  
  • Published on: Jun 21, 2020
  • Modified on: Jul 13, 2020
  • Patch: 4.11.0
  • Difficulty: Easy
Show
View Real Time Build Order
Export as new Build Order

Comments (0)

There are no comments. Be the first!

Create an account to comment!